 Dungeon Crawl Stone Soup version 0.29-a0-419-g77450f2105 (webtiles) character file.

Game seed: 13385583450380378426

40 Bruhh the Insei (level 3, 0/23 HPs)
             Began as an Octopode Transmuter on May 18, 2022.
             Slain by a water moccasin (3 damage)
             ... on level 3 of the Dungeon.
             The game lasted 00:03:42 (2040 turns).

Bruhh the Insei (Octopode Transmuter)               Turns: 2040, Time: 00:03:43

Health: 0/23       AC:  2    Str:  9    XL:     3   Next: 50%
Magic:  0/6        EV: 16    Int: 17    God:
Gold:   134        SH:  0    Dex: 17    Spells: 2/6 levels left

rFire   . . .      SeeInvis .     - Unarmed
rCold   . . .      Faith    .   (shield currently unavailable)
rNeg    . . .      Spirit   .   (helmet currently unavailable)
rPois   x          Reflect  .   (no amulet)
rElec   .          Harm     .   (no ring)
rCorr   .          Rampage  .   (no ring)
Will    .....                   (no ring)
Stlth   ++........              (no ring)
HPRegen 0.07/turn               (no ring)
MPRegen 0.10/turn               (no ring)
                                (no ring)
                                (no ring)

@: spider-form (expiring), very slightly contaminated, constricted
A: venomous fangs, almost no armour, (amphibious), 8 rings, tiny, (camouflage
1), (gelatinous body 1), (nimble swimmer 1), (tentacles)
a: End Transformation


You were on level 3 of the Dungeon.
You were a venomous arachnid creature.
You visited 1 branch of the dungeon, and saw 3 of its levels.

You collected 134 gold pieces.

Inventory:

Jewellery
 h - a +6 ring of intelligence
 m - an amulet of regeneration
Scrolls
 b - 2 scrolls of identify {unknown}
 c - a scroll of enchant weapon {unknown}
 d - a scroll of noise {unknown}
 f - a scroll of fog {unknown}
 g - a scroll of poison {unknown}
 k - 4 scrolls of silence {unknown}
 l - a scroll of enchant armour {unknown}
Potions
 a - a potion of lignification
 e - 2 potions of brilliance {unknown}
 i - a potion of heal wounds {unknown}
 j - 2 potions of cancellation {unknown}
 n - a potion of haste {unknown}


   Skills:
 - Level 1.0 Fighting
 - Level 2.0 Dodging
 + Level 3.7 Unarmed Combat
 - Level 2.0 Spellcasting
 + Level 3.0 Transmutations


You had 2 spell levels left.
You knew the following spells:

 Your Spells              Type           Power      Damage    Failure   Level
a - Beastly Appendage     Tmut           24%        N/A       16%         1
b - Spider Form           Tmut/Pois      6%         N/A       52%         3

Your spell library contained the following spells:

 Spells                   Type           Power      Damage    Failure   Level
 Wereblood                Tmut           12%        N/A       22%         2
 Slow                     Hex            4%         N/A       38%         1
 Blink                    Tloc           2%         N/A       50%         2
 Confusing Touch          Hex            1%         N/A       71%         3
 Dazzling Flash           Conj/Hex       2%         N/A       71%         3
 Lesser Beckoning         Tloc           1%         N/A       71%         3
 Vampiric Draining        Necr           1%         2d6       71%         3
 Ice Form                 Ice/Tmut       6%         N/A       87%         4
 Iskenderun's Mystic Bla  Conj/Tloc      1%         2d3       96%         4
 Manifold Assault         Tloc           1%         N/A       100%        5
 Starburst                Conj/Fire      0%         6d3       100%        6


Dungeon Overview and Level Annotations

Branches:
Dungeon (3/15)

Altars:


Innate Abilities, Weirdness & Mutations

You are a venomous arachnid creature.
You have poisonous fangs.
You are tiny and dextrous.
Your spellcasting is less reliable in this form.
Your armour is entirely melded.
You are incapable of wielding weapons or throwing items.
You cannot wear most types of armour.
((You are amphibious.))
You can wear up to eight rings at the same time.
((Your skin changes colour to match your surroundings (Stealth+).))
((Your rubbery body absorbs attacks. (AC +1, EV +1)))
((You are camouflaged when in or above water. (Stealth+)))
((You have tentacles for arms and can constrict up to eight enemies at once.))


Message History

There is a stone staircase leading up here.
Casting: Beastly Appendage (safe; 5% risk of failure)
Confirm with . or Enter, or press ? or * to list all spells.
The spell is extremely dangerous to miscast (30% risk of failure)!
Continue anyway?
You miscast Spider Form.
You are very lightly contaminated with residual magic.
Nothing appears to happen.
Your tentacle spike disappears.
The water moccasin bites you.
Casting: Spider Form (extremely dangerous; 30% risk of failure)
Confirm with . or Enter, or press ? or * to list all spells.
The spell is extremely dangerous to miscast (30% risk of failure)!
Continue anyway?
You turn into a venomous arachnid creature.
The water moccasin misses you.
You completely miss the water moccasin. The ball python bites you.
The ball python closely misses you. The water moccasin closely misses you.
The ball python bites you. The ball python grabs you.
The ball python constricts you.
You hit the water moccasin.
The water moccasin is poisoned.
The water moccasin is lightly wounded.
The water moccasin bites you. The ball python bites you.
The ball python constricts you.
You closely miss the water moccasin.
The water moccasin is moderately wounded.
The water moccasin closely misses you. The ball python bites you.
The ball python constricts you.
The water moccasin completely misses you.
You closely miss the water moccasin.
The water moccasin is moderately wounded.
The ball python misses you. The ball python constricts you.
The water moccasin bites you!
* * * LOW HITPOINT WARNING * * *
You hit the water moccasin.
The water moccasin is moderately wounded.
The water moccasin completely misses you.
The ball python misses you. The ball python constricts you.
You hit the water moccasin but do no damage.
The water moccasin is moderately wounded.
The water moccasin bites you.
You die...

#########
#SS5w...########.
#s#####..5.......
#.# ###.######
#.# #.########
#.# #.S.......
#.# #.#...###.
#.# #5#...# #.#
#....... #.#
#.....<.).
#.......#.


You could see a water moccasin (very poisoned), a worm, a shadow imp and a ball
python.

Vanquished Creatures
  A dart slug (D:1)
  3 bats (D:1)
  6 endoplasms
  A giant cockroach (D:2)
  7 hobgoblins
  3 kobolds (D:1)
  4 frilled lizards
  6 goblins
  3 rats (D:1)
34 creatures vanquished.

Notes
Turn   | Place    | Note
-------+----------+-------------------------------------------
     0 | D:1      | Bruhh the Octopode Transmuter began the quest for the Orb.
     0 | D:1      | Reached XP level 1. HP: 13/13 MP: 3/3
    89 | D:1      | Reached XP level 2. HP: 18/18 MP: 3/5
   541 | D:1      | Reached XP level 3. HP: 23/23 MP: 4/6
  2009 | D:3      | Noticed a water moccasin
  2031 | D:2      | Learned a level 3 spell: Spider Form
  2040 | D:3      | Slain by a water moccasin

Illustrated notes

Levels and vault maps discovered:
D:1:      evilmike_arrival_plus, layout_basic, ebering_dispersal_statue_hall
D:2:      layout_loops_ring, chequers_serial_rivers_micro_b
D:3:      layout_loops_ring, shapermc_ecumenical_altar_venn

Skill      XL: |  1  2  3 |
---------------+----------+-----
Transmutations | 3 |  3.0
Fighting       | |  1.0
Dodging        | |  2.0
Unarmed Combat | |  3.7
Spellcasting   | |  2.0

Action                   || total
-------------------------++-------
Melee: Unarmed           ||    68
       Kick              ||    20
       Constrict         ||    17
       Tentacles         ||     6
       Punch             ||     1
 Cast: Beastly Appendage ||    30
       Spider Form       ||     1
 Stab: Sleeping          ||     6
Armor: Skin              ||     4
Dodge: Dodged            ||    35

Table legend: (Time is in decaauts)
 A = Elapsed time spent in this place.
 B = Non-inter-level travel time spent in this place.
 C = Inter-level travel time spent in this place.
 D = Time resting spent in this place.
 E = Time spent auto-exploring this place.
 F = Levels seen in this place.
 G = Mean time per level.
                   A        B        C        D        E       F      G
               +--------+--------+--------+--------+--------+-----+--------+
         Total |   2036 |   1973 |     63 |      0 |   1674 |   3 |  678.7 |
       Dungeon |   2036 |   1973 |     63 |      0 |   1674 |   3 |  678.7 |
               +--------+--------+--------+--------+--------+-----+--------+

Top non-repeatable levels by time:
     D:1: 1212 daAuts
     D:2: 790 daAuts
     D:3: 33 daAuts
